[Event "ICC tourney 2782 (30 10)"]
[Site "Internet Chess Club"]
[Date "2022.01.02"]
[Round "2"]
[White "HAO, RYAN:Ryan334"]
[Black "AKULA, MAHIT:Judtyr123"]
[Result "0-1"]
[ICCResult "White checkmated"]
[WhiteElo "679"]
[BlackElo "1193"]
[Opening "Petrov's defense"]
[ECO "C42"]
[NIC "RG.03"]
[Time "14:00:18"]
[PlyCount "32"]
[TimeControl "1800+10"]

1. e4 e5 2. Nf3 Nf6 3. Nxe5 Nc6 4. Nxc6 dxc6 5. Nc3 Bc5 6. Bc4 Ng4 7. O-O
Qh4 8. h3 Nxf2 9. Rxf2 Qxf2+ 10. Kh2 Bd6+ 11. Kh1 Bxh3 12. Qf3 Qe1+ 13. Qf1
Qg3 14. Qg1 Bg4 15. d4 Qh4+ 16. Qh2 Qxh2# {White checkmated} 0-1

[Event "ICC tourney 2782 (30 10)"]
[Site "Internet Chess Club"]
[Date "2022.01.02"]
[Round "2"]
[White "QIAO, RICHARDSON JINGSI:Richardsonqiao"]
[Black "LAVALLEE, MOLLY:mollysun323"]
[Result "0-1"]
[ICCResult "White checkmated"]
[WhiteElo "495"]
[BlackElo "826"]
[Opening "Scotch gambit: Dubois-Réti defense"]
[ECO "C55"]
[NIC "KP.02"]
[Time "14:00:27"]
[PlyCount "38"]
[TimeControl "1800+10"]

1. e4 e5 2. Nf3 Nc6 3. d4 exd4 4. Bc4 Nf6 5. e5 d5 6. exd6 Bxd6 7. Nxd4 Nxd4
8. Qxd4 O-O 9. O-O Bxh2+ 10. Kxh2 Qxd4 11. Bb3 Ng4+ 12. Kg1 Qd6 13. g3 Be6
14. Bf4 Qd4 15. Nc3 Bxb3 16. axb3 c6 17. Rad1 Qc5 18. Bd6 Qh5 19. f3 Qh2#
{White checkmated}
0-1

[Event "ICC tourney 2782 (30 10)"]
[Site "Internet Chess Club"]
[Date "2022.01.02"]
[Round "2"]
[White "BYSIEK, SYLVIA GRACE:SylviaGrace"]
[Black "WUDALI, PRANAV AVYAI:Pwudali"]
[Result "0-1"]
[ICCResult "White checkmated"]
[WhiteElo "751"]
[BlackElo "492"]
[Opening "Giuoco Pianissimo"]
[ECO "C55"]
[NIC "IG.01"]
[Time "14:00:22"]
[PlyCount "52"]
[TimeControl "1800+10"]

1. e4 e5 2. Nf3 Nc6 3. Bc4 Nf6 4. d3 Bc5 5. c3 O-O 6. O-O d6 7. Nbd2 Be6 8.
Bb5 a6 9. Ba4 b5 10. Bc2 b4 11. c4 Nd4 12. Nxd4 Bxd4 13. Re1 Bg4 14. Nf3 Ba7
15. Bg5 h6 16. Bh4 Qb8 17. h3 Qb6 18. hxg4 Nxg4 19. Rf1 Qb7 20. d4 exd4 21.
Nxd4 Bxd4 22. Qxd4 c5 23. Qxd6 Rac8 24. Be7 Rc6 25. Qd5 Qc7 26. Bxf8 Qh2#
{White checkmated}
0-1

[Event "ICC tourney 2782 (30 10)"]
[Site "Internet Chess Club"]
[Date "2022.01.02"]
[Round "2"]
[White "Mukku, Vishnu:psuedonerd123"]
[Black "SCHEFF, HOLDEN:K05-30152348"]
[Result "1-0"]
[ICCResult "Black checkmated"]
[WhiteElo "725"]
[BlackElo "282"]
[Opening "Ruy Lopez: classical defense, 4.c3"]
[ECO "C64"]
[NIC "RL.01"]
[Time "14:01:13"]
[PlyCount "83"]
[TimeControl "1800+10"]

1. e4 e5 2. Nf3 Nc6 3. Bb5 Bc5 4. c3 Nf6 5. d4 exd4 6. cxd4 Bxd4 7. Nxd4
Nxd4 8. Qxd4 O-O 9. O-O a6 10. Ba4 b5 11. Bb3 Bb7 12. Bg5 h6 13. Bxf6 Qxf6
14. Qxf6 gxf6 15. f3 Rae8 16. Rd1 Bc6 17. Nc3 Kh8 18. Bd5 Bxd5 19. Nxd5 Rg8
20. Nxf6 c6 21. Nxe8 Rxe8 22. Rxd7 Kg7 23. Rd6 Kf8 24. Rxc6 Rd8 25. Rac1 Ke8
26. Rc8 f6 27. Rxd8+ Kxd8 28. Rc6 Kd7 29. Rxa6 h5 30. Rxf6 Ke7 31. Rf5 h4
32. Rxb5 h3 33. g3 Ke6 34. Rd5 Kf6 35. a4 Ke6 36. a5 Ke7 37. a6 Ke6 38. a7
Kf6 39. a8=Q Ke6 40. Qc6+ Ke7 41. Rd7+ Kf8 42. Qc8# {Black checkmated} 1-0

[Event "ICC tourney 2782 (30 10)"]
[Site "Internet Chess Club"]
[Date "2022.01.02"]
[Round "2"]
[White "Singh, Saharsh:saharshsingh02"]
[Black "DING, OLIVIA:antpower0"]
[Result "0-1"]
[ICCResult "White resigns"]
[WhiteElo "888"]
[BlackElo "645"]
[Opening "Queen's gambit declined"]
[ECO "D35"]
[NIC "QP.08"]
[Time "14:00:19"]
[PlyCount "52"]
[TimeControl "1800+10"]

1. d4 d5 2. c4 e6 3. cxd5 exd5 4. Nc3 Nf6 5. Nf3 Be7 6. g3 Nc6 7. Bg2 O-O 8.
O-O Be6 9. Bg5 h6 10. Bd2 Re8 11. e3 Ne4 12. Nxe4 dxe4 13. Ne5 Nxe5 14. dxe5
Bf5 15. g4 Bg6 16. f4 exf3 17. Rxf3 Qd7 18. Rf2 c6 19. Qb3 Qxg4 20. Qxb7 Be4
21. Qb3 Bd5 22. Qd1 Qg6 23. Kh1 Bh4 24. Bxd5 Bxf2 25. Bxc6 Qxc6+ 26. e4
Qxe4+ {White resigns} 0-1

[Event "ICC tourney 2782 (30 10)"]
[Site "Internet Chess Club"]
[Date "2022.01.02"]
[Round "2"]
[White "AI, RUOMING:charmingraven"]
[Black "Wadhwa, Tejas:WinPeps"]
[Result "1-0"]
[ICCResult "Black checkmated"]
[WhiteElo "1080"]
[BlackElo "680"]
[Opening "Scotch game"]
[ECO "C45"]
[NIC "SO.04"]
[Time "14:00:23"]
[PlyCount "41"]
[TimeControl "1800+10"]

1. e4 e5 2. Nf3 Nc6 3. d4 exd4 4. Nxd4 Nxd4 5. Qxd4 Nf6 6. e5 Nh5 7. g4 Qh4
8. gxh5 Qxd4 9. Be3 Qxb2 10. Bd3 Qxa1 11. Kd2 Qxe5 12. Re1 Bb4+ 13. c3 Bxc3+
14. Nxc3 O-O 15. Bxa7 Qf4+ 16. Be3 Qxh2 17. h6 gxh6 18. Bd4 d5 19. Nxd5
Rxa2+ 20. Kc1 Rxf2 21. Ne7# {Black checkmated} 1-0

[Event "ICC tourney 2782 (30 10)"]
[Site "Internet Chess Club"]
[Date "2022.01.02"]
[Round "2"]
[White "Vartak, Vivaan  Mahesh:Vivaan-Vartak"]
[Black "BYSIEK, JULIANA RENEE:JulianaRenee"]
[Result "0-1"]
[ICCResult "White checkmated"]
[WhiteElo "203"]
[BlackElo "790"]
[Opening "Giuoco Piano: four knights variation"]
[ECO "C47"]
[NIC "KP.06"]
[Time "14:00:48"]
[PlyCount "58"]
[TimeControl "1800+10"]

1. Nc3 e5 2. Nf3 Nc6 3. e4 Nf6 4. Bc4 Bc5 5. Qe2 d6 6. Ng5 O-O 7. Qf3 Bg4 8.
Qg3 h6 9. Nf3 Nb4 10. Rb1 Nxc2+ 11. Kf1 a6 12. Bb3 Nd4 13. Bc4 b5 14. Bd3
Nxf3 15. gxf3 Be6 16. Rg1 Nh5 17. Qg2 Qd7 18. Bc2 Bh3 19. d3 Bxg2+ 20. Rxg2
Qh3 21. Bd2 Nf4 22. Bxf4 exf4 23. Kg1 Rae8 24. Rf1 Re6 25. Nd1 Rg6 26. Rxg6
fxg6 27. Ne3 fxe3 28. Re1 exf2+ 29. Kh1 fxe1=Q# {White checkmated} 0-1

[Event "ICC tourney 2782 (30 10)"]
[Site "Internet Chess Club"]
[Date "2022.01.02"]
[Round "2"]
[White "SHI, WARREN:warren200"]
[Black "LIU, BRYAN:coolcoolsugar"]
[Result "0-1"]
[ICCResult "White resigns"]
[WhiteElo "822"]
[BlackElo "1216"]
[Opening "Sicilian defense"]
[ECO "B20"]
[NIC "SI.48"]
[Time "14:00:41"]
[PlyCount "54"]
[TimeControl "1800+10"]

1. e4 c5 2. Bc4 e6 3. Nc3 Nc6 4. Nf3 d6 5. O-O Nf6 6. d3 Be7 7. Bg5 O-O 8.
Re1 Qc7 9. Bxf6 Bxf6 10. Qd2 Rd8 11. Nb5 Qe7 12. h3 a6 13. Nc3 b5 14. Bb3
Bb7 15. a3 b4 16. axb4 cxb4 17. Na4 Qc7 18. c3 bxc3 19. Nxc3 Rac8 20. Ba4
Ne7 21. e5 dxe5 22. Ne4 Bxe4 23. Rxe4 Rd6 24. Qe2 Rcd8 25. Nxe5 Bxe5 26.
Rxe5 Rxd3 27. Bc2 Rd2 {White resigns} 0-1

[Event "ICC tourney 2782 (30 10)"]
[Site "Internet Chess Club"]
[Date "2022.01.02"]
[Round "2"]
[White "SALIL, AARAV:Jaguarking"]
[Black "Chen, Angelique Lee:oklahoo"]
[Result "1-0"]
[ICCResult "Black checkmated"]
[WhiteElo "1214"]
[BlackElo "880"]
[Opening "Scotch game"]
[ECO "C45"]
[NIC "SO.04"]
[Time "14:00:21"]
[PlyCount "107"]
[TimeControl "1800+10"]

1. e4 e5 2. Nf3 Nc6 3. d4 exd4 4. Nxd4 Nxd4 5. Qxd4 d6 6. Bc4 Nf6 7. O-O Bd7
8. Nc3 c5 9. Qd3 Be7 10. Nd5 O-O 11. Nxe7+ Qxe7 12. Re1 Bc6 13. f3 Rad8 14.
Bg5 Qe5 15. Bxf6 Qxf6 16. c3 Qg5 17. Qe3 Qg6 18. Bd5 Bxd5 19. exd5 b6 20.
Qe7 Ra8 21. Qe4 Qxe4 22. Rxe4 Rfe8 23. Rae1 Kf8 24. Rxe8+ Rxe8 25. Rxe8+
Kxe8 26. Kf2 Ke7 27. Kg3 g5 28. Kg4 Kf6 29. f4 h6 30. Kh5 gxf4 31. Kxh6 Ke5
32. Kg5 f6+ 33. Kg6 Kxd5 34. h4 Ke4 35. h5 d5 36. h6 d4 37. h7 d3 38. h8=Q
d2 39. Qe8+ Kd3 40. Qd7+ Kc2 41. Qf5+ Kc1 42. Qxf4 Kc2 43. Qe4+ Kc1 44. Qe3
Kc2 45. Qe2 Kc1 46. Kxf6 d1=Q 47. Qxd1+ Kxd1 48. g4 Kc2 49. g5 Kxb2 50. g6
Kxc3 51. g7 Kb2 52. g8=Q c4 53. Qxc4 Ka3 54. Qb3# {Black checkmated} 1-0

[Event "ICC tourney 2782 (30 10)"]
[Site "Internet Chess Club"]
[Date "2022.01.02"]
[Round "2"]
[White "S VARANASI, RUTHWIK:K03-30145457"]
[Black "HAMLETT, JAMES MORRISON:Hamlett144"]
[Result "0-1"]
[ICCResult "White checkmated"]
[WhiteElo "429"]
[BlackElo "1276"]
[Opening "Dutch"]
[ECO "A80"]
[NIC "HD.12"]
[Time "14:01:03"]
[PlyCount "68"]
[TimeControl "1800+10"]

1. d4 f5 2. Nf3 Nf6 3. c4 e6 4. Nc3 b6 5. e3 Bb7 6. Be2 h6 7. h4 Be7 8. Ne5
d6 9. Nd3 Nbd7 10. b3 Kf7 11. Bb2 Qg8 12. Bf3 c6 13. e4 fxe4 14. Nxe4 c5 15.
Nxd6+ Bxd6 16. Bxb7 Rb8 17. Bf3 cxd4 18. Bxd4 e5 19. Bb2 e4 20. Bxf6 Nxf6
21. Bh5+ g6 22. Nb2 Bb4+ 23. Kf1 gxh5 24. a3 Bc3 25. Rb1 Rd8 26. Qe2 Rd2 27.
Qe1 Rxb2 28. Qc1 Rxb1 29. Qxb1 Qd8 30. g3 Qd3+ 31. Kg2 Qf3+ 32. Kf1 Ng4 33.
Qc2 Qxh1+ 34. Ke2 Qe1# {White checkmated} 0-1

[Event "ICC tourney 2782 (30 10)"]
[Site "Internet Chess Club"]
[Date "2022.01.02"]
[Round "2"]
[White "WU, DARREN:chessboy111"]
[Black "WEYMAN, GRANT A:grantwey"]
[Result "0-1"]
[ICCResult "White checkmated"]
[WhiteElo "724"]
[BlackElo "1144"]
[Opening "Scotch gambit"]
[ECO "C44"]
[NIC "SO.06"]
[Time "14:00:28"]
[PlyCount "118"]
[TimeControl "1800+10"]

1. e4 e5 2. Nf3 Nc6 3. d4 exd4 4. Bc4 Bc5 5. O-O Nge7 6. c3 d3 7. Qxd3 O-O
8. Bg5 h6 9. Bh4 d6 10. h3 Be6 11. Bb3 Qd7 12. Nbd2 Ng6 13. Bg3 Rfd8 14.
Rad1 Qe7 15. Rfe1 Nge5 16. Nxe5 Nxe5 17. Bxe5 dxe5 18. Qg3 Qf6 19. Nf3 Bxb3
20. axb3 Rd6 21. Nxe5 Bxf2+ 22. Qxf2 Qxe5 23. Rd2 Rf6 24. Qe2 Qc5+ 25. Qe3
Qxe3+ 26. Rxe3 Rb6 27. c4 Re8 28. Rd7 Kf8 29. Rxc7 Re7 30. Rc5 Rbe6 31. e5
b6 32. Rd5 f6 33. Kf2 Rxe5 34. Rdxe5 fxe5 35. Kf3 Kf7 36. Ke4 Ke6 37. g4 Kd6
38. Kd3 Kc5 39. Kc3 a5 40. Re4 b5 41. cxb5 Kxb5 42. Kd3 Kc5 43. Rc4+ Kd5 44.
Re4 Re6 45. Ke3 Rb6 46. Rc4 Rxb3+ 47. Rc3 Rxc3+ 48. bxc3 a4 49. Kd3 a3 50.
Kc2 Kc4 51. Kd2 a2 52. Kc2 a1=Q 53. Kd2 Qxc3+ 54. Ke2 Kd4 55. Kf2 Qe3+ 56.
Kg2 Ke4 57. Kh2 Kf3 58. Kh1 Kg3 59. g5 Qe1# {White checkmated} 0-1

[Event "ICC tourney 2782 (30 10)"]
[Site "Internet Chess Club"]
[Date "2022.01.02"]
[Round "2"]
[White "WEYMAN, JAMES G:jameswey"]
[Black "procopio, Patti:prostripe"]
[Result "0-1"]
[ICCResult "White checkmated"]
[WhiteElo "497"]
[BlackElo "1122"]
[Opening "King's pawn opening"]
[ECO "B07"]
[NIC "VO.17"]
[Time "14:00:25"]
[PlyCount "100"]
[TimeControl "1800+10"]

1. e4 d6 2. d4 c6 3. g3 Nf6 4. Nc3 Bg4 5. Nf3 Bxf3 6. Qxf3 Nbd7 7. Bf4 e5 8.
Be3 Be7 9. Bc4 b5 10. Bd3 Qa5 11. Bd2 Qc7 12. dxe5 Nxe5 13. Qf4 Nxd3+ 14.
cxd3 O-O 15. g4 Rac8 16. g5 Nh5 17. Qf5 g6 18. Qg4 Rcd8 19. Ne2 Qd7 20. Qxd7
Rxd7 21. b3 f6 22. Nd4 fxg5 23. Nxc6 Bf6 24. Rc1 Nf4 25. Bc3 Nxd3+ 26. Kd2
Nxc1 27. Kc2 Bxc3 28. Rxc1 Be5 29. Kd3 Rxf2 30. Rc2 Rxc2 31. Kxc2 Rc7 32.
Kd2 Rxc6 33. Kd3 Kf7 34. Ke3 Ke6 35. Kf3 h5 36. Ke3 Bf4+ 37. Kd4 g4 38. e5
dxe5+ 39. Kd3 h4 40. Ke2 g5 41. Kf2 Rc2+ 42. Kg1 Bxh2+ 43. Kh1 Bf4 44. Kg1
Rxa2 45. Kh1 h3 46. Kg1 e4 47. Kh1 e3 48. Kg1 e2 49. Kf2 g3+ 50. Kg1 e1=Q#
{White checkmated}
0-1

[Event "ICC tourney 2782 (30 10)"]
[Site "Internet Chess Club"]
[Date "2022.01.02"]
[Round "2"]
[White "BAPURAM, ATHARV:AtharvRB"]
[Black "PADIYAR, SUNMAY:sunmay12"]
[Result "1-0"]
[ICCResult "Black checkmated"]
[WhiteElo "1016"]
[BlackElo "1369"]
[Opening "QGD: Ragozin variation"]
[ECO "D38"]
[NIC "NI.27"]
[Time "14:00:23"]
[PlyCount "47"]
[TimeControl "1800+10"]

1. d4 d5 2. c4 e6 3. Nc3 Nf6 4. Nf3 Bb4 5. Bf4 O-O 6. e3 Ne4 7. Qc2 Bxc3+ 8.
bxc3 Nc6 9. Bd3 f5 10. cxd5 exd5 11. O-O a5 12. Rab1 Qe7 13. Rfc1 Kh8 14. c4
Nb4 15. Qb3 Nxd3 16. Qxd3 dxc4 17. Qxc4 c6 18. d5 cxd5 19. Qxd5 Qa3 20. Ne5
Qe7 21. Rc7 Qe6 22. Qd4 Qxa2 23. Ng6+ hxg6 24. Qxg7# {Black checkmated} 1-0

[Event "ICC tourney 2782 (30 10)"]
[Site "Internet Chess Club"]
[Date "2022.01.02"]
[Round "2"]
[White "ARMBRUSTER, THOMAS E:TE47Armbruster"]
[Black "KONG, RYAN D:NeuralNetworkQS"]
[Result "0-1"]
[ICCResult "White checkmated"]
[WhiteElo "1248"]
[BlackElo "1013"]
[Opening "QGD: 4.Bg5"]
[ECO "D50"]
[NIC "QO.16"]
[Time "14:00:20"]
[PlyCount "102"]
[TimeControl "1800+10"]

1. d4 d5 2. c4 e6 3. Nc3 Nf6 4. Bg5 Bb4 5. e3 h6 6. Bh4 c5 7. cxd5 exd5 8.
Bb5+ Nc6 9. a3 Bxc3+ 10. bxc3 a6 11. Bxc6+ bxc6 12. dxc5 Qa5 13. Qd4 Ne4 14.
Ne2 O-O 15. O-O Nxc5 16. Qb4 Qxb4 17. axb4 Ne4 18. f3 Nd2 19. Rfd1 Nc4 20.
Nd4 Bb7 21. Kf2 Rfe8 22. Re1 Ne5 23. Red1 Nc4 24. Nc2 Nb2 25. Rd2 f5 26. Na3
Na4 27. Nb1 Nb6 28. Bg3 Nc4 29. Re2 Re6 30. Nd2 Nb2 31. e4 dxe4 32. fxe4
fxe4 33. Nxe4 Nd3+ 34. Kf1 Rf8+ 35. Kg1 Rfe8 36. Rd2 Rxe4 37. Rxd3 Re2 38.
Rd7 Ba8 39. Ra7 c5 40. bxc5 Rxg2+ 41. Kf1 Rf8+ 42. Ke1 Rg1+ 43. Kd2 Rxa1 44.
Bd6 Rd8 45. Kd3 Bd5 46. Kd4 Rd1+ 47. Ke5 Re8+ 48. Kf4 Rf1+ 49. Kg3 Re3+ 50.
Kg4 Be6+ 51. Kh4 Rh3# {White checkmated} 0-1

[Event "ICC tourney 2782 (30 10)"]
[Site "Internet Chess Club"]
[Date "2022.01.02"]
[Round "2"]
[White "Kale, Shubham:shubham07"]
[Black "SHANKAR, NEAL:NealShankar4"]
[Result "1-0"]
[ICCResult "Black checkmated"]
[WhiteElo "1333"]
[BlackElo "1031"]
[Opening "English: symmetrical variation"]
[ECO "A35"]
[NIC "EO.64"]
[Time "14:00:33"]
[PlyCount "85"]
[TimeControl "1800+10"]

1. c4 c5 2. Nc3 Nc6 3. e4 e5 4. g3 g6 5. Bg2 Bg7 6. Nge2 Nf6 7. O-O O-O 8.
h3 d6 9. Kh2 Be6 10. d3 Nd4 11. f4 h5 12. a3 Nd7 13. Nxd4 cxd4 14. Nb5 Nc5
15. b4 Nxd3 16. Qxd3 a6 17. Nxd4 exd4 18. Bb2 Rc8 19. Rac1 Qc7 20. Qd2 Bxc4
21. Bxd4 Qe7 22. Bxg7 Kxg7 23. Qd4+ Qf6 24. Rxc4 Rxc4 25. Qxc4 Qb2 26. Qd3
Rc8 27. Rb1 Qa2 28. Qd4+ Kg8 29. Qb2 Rc2 30. Qxa2 Rxa2 31. Rb3 Kg7 32. Re3
f6 33. h4 Kf7 34. Kh3 Ke6 35. e5 fxe5 36. fxe5 dxe5 37. Bxb7 Kf5 38. Bxa6 g5
39. hxg5 Kxg5 40. Rxe5+ Kg6 41. Bd3+ Kf6 42. Re6+ Kg5 43. Rg6#
{Black checkmated}
1-0

[Event "ICC tourney 2782 (30 10)"]
[Site "Internet Chess Club"]
[Date "2022.01.02"]
[Round "2"]
[White "BAREKET, NIMROD:nb12"]
[Black "YENIGALLA, MANAS:K06-30081118"]
[Result "1-0"]
[ICCResult "Black checkmated"]
[WhiteElo "1191"]
[BlackElo "521"]
[Opening "Scandinavian defense"]
[ECO "B01"]
[NIC "SD.01"]
[Time "14:00:29"]
[PlyCount "97"]
[TimeControl "1800+10"]

1. e4 d5 2. exd5 Qxd5 3. Nc3 Qa5 4. Nf3 Nf6 5. d4 Bf5 6. Bd3 e6 7. O-O Bxd3
8. Qxd3 Be7 9. Bd2 Nbd7 10. Rfe1 c6 11. Ne5 Qc7 12. Bg5 h6 13. Bh4 O-O 14.
Bg3 Bd6 15. Qe3 Rad8 16. Ne4 Nxe4 17. Qxe4 Nf6 18. Qe3 Nd5 19. Qe2 Nf6 20.
Rad1 b5 21. a3 Qb6 22. Qf3 Rc8 23. Ng6 Rfd8 24. Bxd6 Rxd6 25. Ne7+ Kh7 26.
Nxc8 Qc7 27. Nxd6 Qxd6 28. h3 a5 29. Qd3+ g6 30. c4 bxc4 31. Qxc4 Kg7 32. b4
axb4 33. Qxb4 Qc7 34. a4 Nd5 35. Qb2 c5 36. dxc5+ Kh7 37. Rxd5 exd5 38. Qb6
Qd7 39. c6 Qc8 40. Qb7 Qd8 41. Qxf7+ Kh8 42. Re8+ Qxe8 43. Qxe8+ Kg7 44. c7
Kf6 45. c8=Q Kg5 46. Qg4+ Kf6 47. Qc6+ Kg7 48. Qgd7+ Kf8 49. Qcc8#
{Black checkmated}
1-0

[Event "ICC tourney 2782 (30 10)"]
[Site "Internet Chess Club"]
[Date "2022.01.02"]
[Round "2"]
[White "HIBBS, ROBERT:BotanicalKnight"]
[Black "ZHENG, CARSON:Carsonultra22"]
[Result "1-0"]
[ICCResult "Black checkmated"]
[WhiteElo "1398"]
[BlackElo "1039"]
[Opening "Bishop's opening: Berlin defense"]
[ECO "C24"]
[NIC "IG.04"]
[Time "14:01:01"]
[PlyCount "133"]
[TimeControl "1800+10"]

1. e4 e5 2. Bc4 Nf6 3. d3 c6 4. Bb3 d5 5. Nf3 Nbd7 6. Nc3 Bb4 7. O-O d4 8.
Ne2 O-O 9. Bg5 Qc7 10. Nh4 h6 11. Bd2 a5 12. c3 dxc3 13. bxc3 Be7 14. Ng6
Re8 15. Nxe7+ Rxe7 16. f4 Nc5 17. Bc2 Rd7 18. fxe5 Qxe5 19. d4 Qe7 20. dxc5
Qxc5+ 21. Nd4 b5 22. Kh1 b4 23. Rxf6 gxf6 24. Qg4+ Kf8 25. Bxh6+ Ke7 26.
Nf5+ Kd8 27. Be3 Qf8 28. Bb6+ Ke8 29. Ng7+ Ke7 30. Bc5+ Rd6 31. Nf5+ Bxf5
32. Qxf5 Rd8 33. e5 fxe5 34. Qxe5+ Kd7 35. Bf5+ Kc7 36. Rd1 bxc3 37. Bxd6+
Rxd6 38. Qxa5+ Kb7 39. Qb4+ Kc7 40. Qxd6+ Qxd6 41. Rxd6 Kxd6 42. Kg1 Ke5 43.
Bc2 Kd4 44. a4 Kc5 45. Kf2 Kb4 46. Ke3 Ka3 47. Kd3 Kb4 48. h4 c5 49. h5 c4+
50. Kd4 f5 51. h6 f4 52. h7 f3 53. gxf3 Ka3 54. a5 Kb2 55. Be4 c2 56. Bxc2
Kxc2 57. Kxc4 Kb2 58. f4 Ka3 59. a6 Ka4 60. a7 Ka5 61. a8=Q+ Kb6 62. Qg8 Kc7
63. Kd5 Kd7 64. h8=Q Kc7 65. Qf7+ Kb6 66. Qb8+ Ka5 67. Qfa7# {Black
checkmated} 1-0

[Event "ICC tourney 2782 (30 10)"]
[Site "Internet Chess Club"]
[Date "2022.01.02"]
[Round "2"]
[White "Bi, Lige:Bilige1103"]
[Black "WAREKAR, AARNA:aarnawarekar"]
[Result "1-0"]
[ICCResult "Black checkmated"]
[WhiteElo "1222"]
[BlackElo "930"]
[Opening "QGD"]
[ECO "D52"]
[NIC "QI.01"]
[Time "14:00:19"]
[PlyCount "171"]
[TimeControl "1800+10"]

1. d4 Nf6 2. c4 e6 3. Nf3 d5 4. Nc3 c6 5. Bg5 Nbd7 6. e3 Be7 7. Bd3 h6 8.
Bh4 O-O 9. O-O b6 10. cxd5 exd5 11. Bxf6 Nxf6 12. Ne5 Bb7 13. Rc1 Nd7 14.
Nf3 Rc8 15. Bf5 Rc7 16. Qc2 Bd6 17. Ne2 Re8 18. Qd2 Qf6 19. Bd3 Nf8 20. a3
Ng6 21. Kh1 Nh4 22. Neg1 Nxf3 23. Nxf3 Re6 24. b4 h5 25. h3 h4 26. Rc2 Bc8
27. Rfc1 Ree7 28. Qd1 Bd7 29. Bb5 cxb5 30. Rxc7 Bxc7 31. Rxc7 Be6 32. Rc6
Qh6 33. Qc2 Qh5 34. Ne1 Rb7 35. Kg1 Qf5 36. Qc1 Kh7 37. Nf3 Qh5 38. Qc2+ Bf5
39. Qc1 Bxh3 40. Qc2+ Bf5 41. Qc1 h3 42. Qf1 hxg2 43. Qxg2 Qg4 44. Qxg4 Bxg4
45. Ng5+ Kg8 46. f3 Bd7 47. Rd6 Kf8 48. Rxd5 Bc6 49. Rf5 f6 50. Ne6+ Ke7 51.
Nxg7 Kf7 52. Nh5 Kg6 53. Rxf6+ Kxh5 54. Rxc6 Rg7+ 55. Kf2 Rf7 56. Rc1 Kg5
57. Rd1 Kf5 58. d5 Rd7 59. d6 Ke6 60. f4 Rxd6 61. Rxd6+ Kxd6 62. e4 Ke6 63.
Kf3 a5 64. Kg4 Kf6 65. f5 Kf7 66. e5 Ke7 67. Kg5 Kf7 68. f6 Kf8 69. e6 Ke8
70. Kg6 Kf8 71. f7 a4 72. Kh7 Ke7 73. Kg7 Kxe6 74. f8=Q Kd5 75. Qc8 Kd4 76.
Qc6 Kd3 77. Qxb5+ Kc3 78. Qxb6 Kb3 79. Qe3+ Kc4 80. Qc1+ Kb3 81. Kf6 Ka2 82.
b5 Kb3 83. b6 Ka2 84. b7 Kb3 85. b8=Q+ Ka2 86. Qcb2# {Black checkmated} 1-0

[Event "ICC tourney 2782 (30 10)"]
[Site "Internet Chess Club"]
[Date "2022.01.02"]
[Round "2"]
[White "Ai, Yiming:sailingdesign"]
[Black "HELLER, JACK G:Maximusiv"]
[Result "0-1"]
[ICCResult "White checkmated"]
[WhiteElo "639"]
[BlackElo "873"]
[Opening "Scandinavian defense"]
[ECO "B01"]
[NIC "SD.03"]
[Time "14:00:26"]
[PlyCount "112"]
[TimeControl "1800+10"]

1. e4 d5 2. exd5 Nf6 3. Nc3 Nxd5 4. Bc4 Nxc3 5. bxc3 Nc6 6. Nf3 Bf5 7. d4 e6
8. Bf4 Bd6 9. Bxd6 cxd6 10. O-O O-O 11. Re1 Rc8 12. Qd2 Na5 13. Bd3 Nc4 14.
Qf4 Bg6 15. Qg3 Rc7 16. Nh4 Qd7 17. Nxg6 fxg6 18. Be2 Nb6 19. Bg4 Rf6 20.
Qh3 Kf7 21. Re2 Nd5 22. Re4 Nxc3 23. Re3 Nd5 24. Re4 Rxc2 25. Rae1 Nf4 26.
Qe3 Qe7 27. d5 e5 28. Qxa7 Nxd5 29. Qa3 Rfxf2 30. Qh3 Nf4 31. Qe3 Rxg2+ 32.
Kh1 Rxh2+ 33. Kg1 Rhg2+ 34. Kh1 Rxg4 35. Rxf4+ Rxf4 36. Qb3+ Kf8 37. Qxc2
Rh4+ 38. Kg1 Qg5+ 39. Kf1 Rh1+ 40. Ke2 Rh2+ 41. Kd3 Rxc2 42. Kxc2 h5 43. Rh1
Qg2+ 44. Kd3 Qxh1 45. Ke3 Qh4 46. Kf3 Kf7 47. Kg2 Kf6 48. Kg1 Qh3 49. Kf2
Kf5 50. Ke2 Kf4 51. Kf2 Qh2+ 52. Ke1 Kf3 53. Kd1 Ke3 54. Kc1 Kd3 55. Kb1 Kc3
56. Kc1 Qh1# {White checkmated} 0-1

[Event "ICC tourney 2782 (30 10)"]
[Site "Internet Chess Club"]
[Date "2022.01.02"]
[Round "2"]
[White "HECHT, HENRY:Henhec1001"]
[Black "SAUL, BRUCE H:Bdevil81"]
[Result "0-1"]
[ICCResult "White resigns"]
[WhiteElo "988"]
[BlackElo "1223"]
[Opening "Caro-Kann: Tartakower (Nimzovich) variation"]
[ECO "B15"]
[NIC "CK.06"]
[Time "14:00:26"]
[PlyCount "52"]
[TimeControl "1800+10"]

1. e4 c6 2. d4 d5 3. Nc3 dxe4 4. Nxe4 Nf6 5. Nxf6+ exf6 6. Nf3 Bd6 7. Bd3
O-O 8. O-O Be6 9. c4 Re8 10. Qc2 h5 11. Bh7+ Kh8 12. Bf5 Nd7 13. c5 Bc7 14.
Re1 Nf8 15. Bxe6 Rxe6 16. Be3 Qd5 17. b4 Ng6 18. Qd2 Rae8 19. Kf1 Ne7 20. h3
Nf5 21. a4 g5 22. Ng1 Nh4 23. f3 Bg3 24. Re2 Nf5 25. Bxg5 fxg5 26. Ra2 Ne3+
{White resigns}
0-1

[Event "ICC tourney 2782 (30 10)"]
[Site "Internet Chess Club"]
[Date "2022.01.02"]
[Round "2"]
[White "PRABHU, VARUN:varunprabhu"]
[Black "LAVALLEE, ETHAN:FixedTooth"]
[Result "1-0"]
[ICCResult "Black checkmated"]
[WhiteElo "864"]
[BlackElo "497"]
[Opening "Giuoco Piano: four knights variation"]
[ECO "C55"]
[NIC "IG.01"]
[Time "14:00:27"]
[PlyCount "197"]
[TimeControl "1800+10"]

1. e4 e5 2. Nf3 Nc6 3. Bc4 Nf6 4. Nc3 Bc5 5. O-O d6 6. h3 Be6 7. Bb3 Bxb3 8.
cxb3 Nd4 9. d3 Nxf3+ 10. Qxf3 O-O 11. Bg5 h6 12. Bd2 Qc8 13. Qg3 Nh5 14. Qh4
Nf6 15. Nd5 Nxd5 16. exd5 Qf5 17. Qg3 Qf6 18. Rfe1 Bd4 19. Rab1 Rfe8 20. Be3
Bxe3 21. Rxe3 Qf5 22. Rf3 Qd7 23. Rc1 Rac8 24. Qh4 c6 25. dxc6 Rxc6 26. Rxc6
Qxc6 27. Qh5 Re7 28. Rg3 d5 29. Qd1 Re6 30. Qd2 Rg6 31. Rxg6 Qxg6 32. Qe3
Qf5 33. Qf3 Qg6 34. Qxd5 Qf5 35. Qe4 Qd7 36. Qxe5 Qxd3 37. Qe8+ Kh7 38. Qe1
Qd4 39. Qc1 Qd3 40. Qe1 Qc2 41. Qc3 Qe2 42. a3 Qe8 43. Qe3 Qa8 44. Qe4+ Kg8
45. b4 a6 46. Qc4 b5 47. Qd3 Qc8 48. Qc3 Qe6 49. b3 f6 50. Qe3 Qf5 51. Qe8+
Kh7 52. Qe1 Qc8 53. Qe4+ Kg8 54. Qd5+ Kh7 55. Qc5 Qd8 56. Qf5+ Kh8 57. Qf3
Qc8 58. Qe3 Kh7 59. g4 Qd8 60. Qe4+ g6 61. Kg2 h5 62. gxh5 Kg7 63. Qxg6+ Kf8
64. h6 Qd5+ 65. Kh2 Qe5+ 66. Qg3 Qe2 67. Qd6+ Kf7 68. Qd7+ Kg6 69. Qg4+ Qxg4
70. hxg4 Kxh6 71. a4 Kg7 72. axb5 axb5 73. f4 Kg6 74. f5+ Kg5 75. Kg3 Kh6
76. Kf4 Kg7 77. g5 Kf7 78. g6+ Kg7 79. Ke4 Kf8 80. Kd4 Ke7 81. Kc5 Kf8 82.
Kxb5 Kg7 83. Kc6 Kh6 84. b5 Kg5 85. b6 Kxf5 86. b7 Kxg6 87. b8=Q Kg5 88.
Qg3+ Kf5 89. Qe3 Kg6 90. b4 Kf7 91. b5 f5 92. b6 Kg6 93. b7 Kh5 94. b8=Q Kg4
95. Qf2 Kg5 96. Qe5 Kg6 97. Qexf5+ Kg7 98. Qg2+ Kh6 99. Qfh3# {Black
checkmated} 1-0